 Dungeon Crawl Stone Soup version 0.30-a0-122-g2a1322497e (webtiles) character file.

Game seed: 16713739455122354646

47996 IdlyInterested the Warrior (level 14, -9/128 HPs)
             Began as a Demonspawn Wanderer on Sept 15, 2022.
             Was an Elder of Dithmenos.
             Mangled by a catoblepas (15 damage)
             ... while petrified by a catoblepas
             ... on level 5 of the Lair of Beasts on Sept 16, 2022.
             The game lasted 00:59:02 (15820 turns).

IdlyInterested the Warrior (Demonspawn Wanderer)   Turns: 15820, Time: 00:59:03

Health: -9/128     AC:  8    Str: 18    XL:     14   Next: 10%
Magic:  17/17      EV:  2    Int: 20    God:    Dithmenos [****..]
Gold:   961        SH:  0    Dex: 18    Spells: 17/17 levels left

rFire   . . .      SeeInvis .    W - +6 rapier of Uxuud {spect, rCorr Str+2}
rCold   + . .      Faith    .    (no shield)
rNeg    + + +      Spirit   .    A - +3 leather armour {rF+}
rPois   ∞          Reflect  .    R - +2 hat {Will+}
rElec   .          Harm     .    (cloak unavailable)
rCorr   +          Rampage  .    (gloves unavailable)
Will    +++..                    (boots unavailable)
Stlth   +++++++...               J - amulet of regeneration
HPRegen 1.11/turn                T - ring of Agicveick {Ice Int+6 Dex+4}
MPRegen 0.15/turn                G - +4 ring of slaying

@: mighty, agile, lethally poisoned (-9 -> -9), petrified, spiked, wreathed by
umbra
A: hooves 3, powered by pain 1, condensation shield, demonic willpower, weakness
stinger 3, demonic touch 3
a: Renounce Religion, Shadow Step


You were on level 5 of the Lair of Beasts.
You worshipped Dithmenos.
Dithmenos was greatly pleased with you.
You visited 3 branches of the dungeon, and saw 16 of its levels.

You collected 961 gold pieces.

Inventory:

Hand Weapons
 n - the +11 dagger "Deagot" {antimagic, Str+4}
   (You took it off a kobold on level 2 of the Dungeon)

   It reduces the magical energy of the wielder, and disrupts the spells and
   magical abilities of those it strikes.
   Natural abilities and divine invocations are not affected.
   Str:       It affects your strength (+4).
 O - a +1 scimitar of flaming
 W - the +6 rapier of Uxuud (weapon) {spect, rCorr Str+2}
   (You found it on level 4 of the Lair of Beasts)

   When its wielder attacks, the weapon's spirit leaps out and strikes again.
   The spirit shares a part of any damage it takes with its wielder.
   Str:       It affects your strength (+2).
   rCorr:     It protects you from acid and corrosion.
Missiles
 a - 11 poisoned darts (quivered)
 p - 3 curare-tipped darts
 q - 8 javelins
 B - 4 boomerangs
 M - 5 throwing nets
Armour
 A - a +3 leather armour of fire resistance (worn)
 K - a +0 troll leather armour
 L - a +2 chain mail of cold resistance
 R - a +2 hat of willpower (worn)
 V - a +2 helmet of intelligence
Magical Staves
 h - a staff of poison
 l - a staff of death
Jewellery
 d - a +6 ring of dexterity
 j - a ring of see invisible
 o - a ring of ice
 t - a +4 ring of protection
 y - a ring of protection from cold
 G - a +4 ring of slaying (right hand)
 H - a ring of protection from cold
 J - an amulet of regeneration (around neck)
 T - the ring of Agicveick (left hand) {Ice Int+6 Dex+4}
   (You found it on level 2 of the Lair of Beasts)

   [ring of ice]

   It enhances your ice magic.
   Int:       It affects your intelligence (+6).
   Dex:       It affects your dexterity (+4).
   rF:        It makes you vulnerable to fire.
   rC:        It protects you from cold.
 U - a ring of flight
Wands
 e - a wand of paralysis (28)
 w - a wand of polymorph (18)
 C - a wand of light (14)
 P - a wand of roots (1)
Scrolls
 b - 6 scrolls of butterflies
 c - 3 scrolls of fear
 f - 8 scrolls of teleportation
 i - a scroll of amnesia
 v - 2 scrolls of magic mapping
 E - 3 scrolls of identify
 I - 2 scrolls of blinking
Potions
 g - 9 potions of curing
 k - a potion of resistance
 m - a potion of brilliance
 r - 2 potions of heal wounds
 s - a potion of mutation
 z - a potion of might
 F - a potion of cancellation
 Q - a potion of invisibility


   Skills:
 * Level 17.2 Fighting
 - Level 10.0 Short Blades
 - Level 0.4 Staves
 - Level 3.0 Throwing
 - Level 4.5 Armour
 - Level 4.0 Dodging
 * Level 9.9 Stealth
 + Level 6.6 Unarmed Combat
 - Level 2.0 Spellcasting
 - Level 3.0 Poison Magic
 - Level 4.0 Invocations
 - Level 3.0 Evocations


You had 17 spell levels left.
You didn't know any spells.
Your spell library contained the following spells:

 Spells                   Type           Power      Damage    Failure   Level
 Poisonous Vapours        Pois/Air       16%        N/A       16%         2
 Apportation              Tloc           4%         N/A       19%         1
 Beastly Appendage        Tmut           4%         N/A       19%         1
 Necrotise                Necr           8%         1d4       19%         1
 Sandblast                Erth           4%         2d4       19%         1
 Shock                    Conj/Air       8%         1d3       19%         1
 Summon Small Mammal      Summ           8%         N/A       19%         1
 Cigotuvi's Dreadful Rot  Necr/Pois/Air  12%        N/A       19%         2
 Blink                    Tloc           4%         N/A       28%         2
 Ensorcelled Hibernation  Hex/Ice        6%         N/A       28%         2
 Passwall                 Tmut/Erth      1%         N/A       28%         2
 Wereblood                Tmut           2%         N/A       28%         2
 Spider Form              Tmut/Pois      8%         N/A       30%         3
 Ignite Poison            Fire/Tmut/Pois 6%         N/A       36%         3
 Frozen Ramparts          Ice            6%         1d1       50%         3
 Portal Projectile        Hex/Tloc       4%         N/A       50%         3
 Stone Arrow              Conj/Erth      4%         3d7       50%         3
 Swiftness                Air            2%         N/A       50%         3
 Tukima's Dance           Hex            2%         N/A       50%         3
 Vampiric Draining        Necr           2%         2d6       50%         3
 Airstrike                Air            1%         2d(1-17)  88%         4
 Anguish                  Hex/Necr       1%         N/A       88%         4
 Ice Form                 Ice/Tmut       3%         N/A       88%         4
 Manifold Assault         Tloc           2%         N/A       88%         4
 Sticky Flame             Conj/Fire      2%         2d3       88%         4
 Summon Ice Beast         Ice/Summ       3%         N/A       88%         4
 Agony                    Necr           2%         N/A       99%         5
 Blade Hands              Tmut           1%         N/A       99%         5
 Storm Form               Tmut/Air       1%         N/A       100%        7


Dungeon Overview and Level Annotations

Branches:
Dungeon (10/15)            Temple (1/1) D:5            Lair (5/5) D:10
 Shoals (0/4) Lair:3        Snake (0/4) Lair:3
  Slime: Lair:4-5       Orc: D:9-12

Altars:
Ashenzari
Cheibriados
Dithmenos
Fedhas
Gozag
Hepliaklqana
Kikubaaqudgha
Makhleb
Nemelex Xobeh
Okawaru
Qazlal
Ru
Sif Muna
Trog
Uskayaw
Vehumet
Wu Jian
Xom
Yredelemnul


Innate Abilities, Weirdness & Mutations

You have hooves in place of feet.
You sometimes gain a little power by taking damage.
A meltable shield of frost defends you. (SH +4)
You punish those that try to bend your will. (Will+)
You have a sharp stinger which inflicts weakening toxins.
Your touch may irresistibly damage your foes and sap their willpower.


Message History

The manticore barely misses you. The catoblepas gores you!
* * * LOW HITPOINT WARNING * * *
The black mamba barely misses you.
You are engulfed in calcifying dust.
The black mamba barely misses you. The manticore bites you!
* * * LOW HITPOINT WARNING * * *
The manticore claws you but does no damage. x2
The catoblepas breathes a plume of calcifying dust at you.
The blast of calcifying dust hits you.
* * * LOW HITPOINT WARNING * * *
You are engulfed in calcifying dust.
The black mamba bites you but does no damage. x2
The manticore bites you.
* * * LOW HITPOINT WARNING * * *
The manticore claws you. x2
* * * LOW HITPOINT WARNING * * *
The catoblepas gores you!!
* * * LOW HITPOINT WARNING * * *
You are engulfed in calcifying dust.
You feel less invigorated.
You feel less confused.
The black mamba bites you but does no damage.
The black mamba barely misses you.
The catoblepas breathes a plume of calcifying dust at you.
The blast of calcifying dust hits you!
* * * LOW HITPOINT WARNING * * *
The manticore bites you!
* * * LOW HITPOINT WARNING * * *
The manticore claws you.
* * * LOW HITPOINT WARNING * * *
The manticore claws you.
* * * LOW HITPOINT WARNING * * *
The black mamba bites you.
* * * LOW HITPOINT WARNING * * *
The manticore bites you.
* * * LOW HITPOINT WARNING * * *
The manticore claws you but does no damage. x2
The black mamba bites you.
* * * LOW HITPOINT WARNING * * *
The catoblepas gores you!!
You die...

.................................
...........................††....
..........###..###.###..###.†....
....####### ############# #####..
..### #####...##### ###### ..#
##..P.....P..####P...# )##
##.#...........##......
#.....#####....###....†
#....Y@..§#.....##....†
#P..#S#H..#....P##.....
###....k..#...########.
#...###[###....††.##.. #.#.
##P..#.#...##.. # .....
#..........#... # #.#...
##.....#####... ## .. ...
##............ .### ##.#......P.#


You could see a catoblepas, a manticore, a lindwurm and a black mamba (weak).

Vanquished Creatures
  Gastronok (Lair:2)
  Snorg (Lair:4)
  Josephine (Lair:3)
  Harold (Lair:1)
  3 hydras
  Erica (Lair:1)
  2 boulder beetles
  8 death yaks
  Urug (D:10)
  A necromancer (Lair:3)
  Pikel (D:5)
  An orange crystal statue (Lair:2)
  An oklob plant (Lair:4)
  A manticore (Lair:3)
  A cyclops (D:6)
  7 elephants (Lair:4)
  Maurice (D:10)
  6 black mambas
  2 torpor snails
  11 cane toads
  A kobold demonologist (D:10)
  6 komodo dragons
  A rime drake (Lair:5)
  A wind drake (Lair:3)
  2 trolls
  16 blink frogs
  7 dream sheep
  Sigmund (D:2)
  3 wyverns
  62 yaks
  Eustachio (D:4)
  3 wraiths (Lair:3)
  A steam dragon (D:8)
  3 basilisks
  3 nagas (Lair:3)
  19 water moccasins
  An orc warrior (D:10)
  2 black bears
  A sky beast (D:7)
  The ghost of Juicyj the Covered, an amateur MiFi (D:3)
  An ogre (D:5)
  15 wolves
  4 centaurs
  4 phantoms
  2 kobold brigands (D:10)
  A necrophage (D:6)
  10 bullfrogs
  2 gnoll sergeants
  3 scorpions
  11 wights
  9 killer bees
  4 electric eels
  2 howler monkeys (D:6)
  4 orc priests
  4 hounds
  A jelly (D:6)
  3 iguanas
  13 orc wizards
  2 polar bear simulacra (Lair:3)
  4 yak simulacra (Lair:3)
  3 wolf simulacra (Lair:3)
  15 gnolls
  5 adders
  A shadow imp (D:7)
  3 white imps (D:6)
  2 worms
  A dart slug (D:4)
  17 orcs
  6 endoplasms
  5 giant cockroaches
  9 goblins
  8 hobgoblins
  6 jackals (D:4)
  4 quokkas
  6 ball pythons
  4 bats
  14 kobolds
  3 rats
  2 river rat simulacra (Lair:3)
400 creatures vanquished.

Vanquished Creatures (others)
  A bush (Lair:3)
  11 fungi
  31 plants
43 creatures vanquished.

Grand Total: 443 creatures vanquished

Notes
Turn   | Place    | Note
-------+----------+-------------------------------------------
     0 | D:1      | IdlyInterested the Demonspawn Wanderer began the quest for
                  | the Orb.
     0 | D:1      | IdlyInterested set off with the following items: a +0 club,
                  | a scroll of butterflies, a scroll of fear, a +0 chain mail;
                  | and the following spells available to memorise: Cigotuvi's
                  | Dreadful Rot, Poisonous Vapours.
     0 | D:1      | Reached XP level 1. HP: 13/13 MP: 3/3
   187 | D:1      | Reached skill level 1 in Fighting
   516 | D:1      | Discovered your monstrous ancestry.
   516 | D:1      | Gained mutation: You have large cloven feet. [demonic
                  | ancestry]
   516 | D:1      | Reached XP level 2. HP: 21/21 MP: 5/5
  1230 | D:2      | Reached skill level 1 in Dodging
  1254 | D:2      | Noticed Sigmund
  1269 | D:2      | Killed Sigmund
  1270 | D:2      | Reached skill level 4 in Fighting
  1270 | D:2      | Gained mutation: Your touch may inflict minor irresistible
                  | damage on your foes. [demonic ancestry]
  1270 | D:2      | Reached XP level 3. HP: 18/31 MP: 6/6
  1270 | D:2      | Gained mutation: Your touch may inflict irresistible damage
                  | on your foes. [demonic ancestry]
  1270 | D:2      | Reached XP level 4. HP: 22/38 MP: 7/7
  1270 | D:2      | Gained mutation: Your touch may irresistibly damage your
                  | foes and sap their willpower. [demonic ancestry]
  1270 | D:2      | Reached XP level 5. HP: 25/43 MP: 8/8
  1669 | D:2      | Identified the +11 dagger "Deagot" {antimagic, Str+4}
  1706 | D:2      | Found a faded altar of an unknown god.
  2227 | D:3      | Found a runed translucent door.
  2227 | D:3      | Noticed Juicyj's ghost (amateur MiFi)
  2332 | D:3      | Reached skill level 1 in Unarmed Combat
  2739 | D:3      | Killed Juicyj's ghost
  2740 | D:3      | Gained mutation: You have a small tail. [demonic ancestry]
  2740 | D:3      | Reached XP level 6. HP: 41/50 MP: 3/9
  2943 | D:4      | Reached skill level 5 in Fighting
  2943 | D:4      | Reached skill level 1 in Evocations
  3026 | D:4      | Noticed Eustachio
  3038 | D:4      | Killed Eustachio
  3209 | D:4      | Found a shimmering altar of Xom.
  3213 | D:4      | Reached XP level 7. HP: 54/56 MP: 3/10
  3464 | D:4      | Found a snail-covered altar of Cheibriados.
  3569 | D:4      | Reached skill level 6 in Fighting
  3573 | D:4      | Reached skill level 1 in Stealth
  3688 | D:5      | Entered Level 5 of the Dungeon
  4092 | D:5      | Found a sparkling altar of Nemelex Xobeh.
  4198 | D:5      | Gained mutation: A meltable shield of frost defends you.
                  | (SH +4) [demonic ancestry]
  4198 | D:5      | Reached XP level 8. HP: 53/65 MP: 3/11
  4456 | D:5      | Found a staircase to the Ecumenical Temple.
  4465 | Temple   | Entered the Ecumenical Temple
  4772 | D:5      | Noticed Pikel
  4778 | D:5      | Reached skill level 1 in Short Blades
  4798 | D:5      | Killed Pikel
  4799 | D:5      | Reached skill level 7 in Fighting
  5145 | D:5      | Reached skill level 5 in Unarmed Combat
  5544 | D:6      | Noticed a troll
  5551 | D:6      | Killed a troll
  5552 | D:6      | Reached skill level 8 in Fighting
  5562 | D:6      | Gained mutation: You sometimes gain a little power by
                  | taking damage. [demonic ancestry]
  5562 | D:6      | Reached XP level 9. HP: 29/73 MP: 4/12
  6323 | D:6      | Noticed a cyclops
  6359 | D:6      | Reached skill level 9 in Fighting
  6369 | D:6      | Killed a cyclops
  7014 | D:7      | Reached skill level 10 in Fighting
  7155 | D:7      | Gained mutation: You have hoof-like feet. [demonic
                  | ancestry]
  7155 | D:7      | Reached XP level 10. HP: 79/85 MP: 4/13
  7163 | D:7      | Reached skill level 5 in Short Blades
  8090 | D:8      | Found a hide-covered altar of Uskayaw.
  8093 | D:8      | Noticed a +0 hand axe
  8093 | D:8      | Noticed a +0 hand axe
  8099 | D:8      | Reached skill level 5 in Stealth
  8200 | D:8      | Found an ancient bone altar of Kikubaaqudgha.
  8324 | D:8      | Reached skill level 11 in Fighting
  8861 | D:9      | Found a radiant altar of Vehumet.
  9284 | D:10     | Entered Level 10 of the Dungeon
  9389 | D:10     | Found a staircase to the Lair.
  9431 | D:10     | Reached skill level 12 in Fighting
  9431 | D:10     | Gained mutation: You have a tail ending in a sharp stinger.
                  | [demonic ancestry]
  9431 | D:10     | Reached XP level 11. HP: 77/95 MP: 4/14
  9456 | D:10     | Found a shadowy altar of Dithmenos.
  9518 | D:10     | Reached skill level 1 in Throwing
  9790 | D:10     | Found a bloodstained altar of Trog.
  9835 | D:10     | Noticed Urug
  9841 | D:10     | Killed Urug
 10193 | D:10     | Noticed Maurice
 10196 | D:10     | Killed Maurice
 10400 | D:10     | Became a worshipper of Dithmenos the Shadowed
 10411 | Lair:1   | Entered Level 1 of the Lair of Beasts
 10459 | Lair:1   | Noticed a boulder beetle
 10477 | Lair:1   | Killed a boulder beetle
 10478 | Lair:1   | Reached skill level 13 in Fighting
 10593 | Lair:1   | Noticed Harold
 10601 | Lair:1   | Killed Harold
 10714 | Lair:1   | Reached * piety under Dithmenos
 10822 | Lair:1   | Noticed Erica
 10835 | Lair:1   | Killed Erica
 10836 | Lair:1   | Gained mutation: You have a sharp stinger which inflicts
                  | weakening toxins. [demonic ancestry]
 10836 | Lair:1   | Reached XP level 12. HP: 81/106 MP: 5/15
 10919 | Lair:1   | Reached skill level 14 in Fighting
 11497 | Lair:2   | Noticed a boulder beetle
 11540 | Lair:2   | Reached ** piety under Dithmenos
 11628 | Lair:2   | Noticed a death yak
 11631 | Lair:2   | Noticed a death yak
 11632 | Lair:2   | Noticed a death yak
 11635 | Lair:2   | Killed a death yak
 11645 | Lair:2   | Killed a death yak
 11646 | Lair:2   | Reached skill level 1 in Invocations
 11697 | Lair:2   | Killed a death yak
 11792 | Lair:2   | Noticed Gastronok
 11806 | Lair:2   | Killed Gastronok
 11867 | Lair:2   | Killed a boulder beetle
 11868 | Lair:2   | Reached skill level 15 in Fighting
 12200 | Lair:2   | You fall into a shaft and drop 1 floor!
 12201 | Lair:3   | Found a staircase to the Snake Pit.
 12282 | Lair:3   | Noticed Josephine
 12289 | Lair:3   | Killed Josephine
 12810 | Lair:2   | Identified the ring of Agicveick {Ice Int+6 Dex+4}
 12920 | Lair:3   | Noticed a five-headed hydra
 12938 | Lair:3   | Killed a five-headed hydra
 12941 | Lair:3   | Gained mutation: You punish those that try to bend your
                  | will. (Will+) [demonic ancestry]
 12941 | Lair:3   | Reached XP level 13. HP: 48/116 MP: 5/16
 13061 | Lair:3   | Reached *** piety under Dithmenos
 13201 | Lair:3   | Found a staircase to the Shoals.
 13718 | Lair:3   | Reached skill level 16 in Fighting
 14268 | Lair:4   | Identified the +0 chain mail "Goidduax" {Int+7}
 14334 | Lair:4   | Reached skill level 10 in Short Blades
 14337 | Lair:4   | Reached **** piety under Dithmenos
 14382 | Lair:4   | Identified the +6 rapier of Uxuud {spect, rCorr Str+2}
 14488 | Lair:4   | Noticed Snorg
 14498 | Lair:4   | Killed Snorg
 15138 | Lair:5   | Entered Level 5 of the Lair of Beasts
 15535 | Lair:5   | Reached skill level 17 in Fighting
 15542 | Lair:5   | Gained mutation: You have hooves in place of feet. [demonic
                  | ancestry]
 15542 | Lair:5   | Reached XP level 14. HP: 54/128 MP: 17/17
 15820 | Lair:5   | HP: 6/128 [black mamba (1)]
 15820 | Lair:5   | Mangled by a catoblepas

Illustrated notes

Levels and vault maps discovered:
D:1:      dpeg_arrival_shrine, layout_loops_ring, chequers_serial_rivers_micro_b
D:2:      layout_loops_ring, hellmonk_ecumenical_altar_run_dry,
          kennysheep_another_room, grunt_decor_arrowhead, uniq_sigmund
D:3:      layout_rooms, lemuel_round_altar, hellmonk_ghost_happy_afterlife,
          saegor_snake_ambush
D:4:      layout_basic, mainiacjoe_overflow_small_starburst,
          nicolae_elyvilon_temple_path, lemuel_coloured_pillars_altar,
          uniq_eustachio
D:5:      layout_cave_pods, amcnicky_altar_gilded,
          minmay_temple_entry_overgrown, mrwooster_statue_mirror,
          nrook_mini_vaults, st_stairs_6, uniq_pikel
D:6:      minmay_clustersquares, layout_basic
D:7:      layout_basic, minivault_22
D:8:      layout_rooms, nicolae_tso_swordbearing_angel, kiku_gazebo_pond_becter,
          dancing_weapons_uskayaw
D:9:      layout_roguey, mainiacjoe_overflow_alcove_1, dk_rats_in_the_wall
D:10:     layout_layer_cave, nicolae_dithmenos_through_a_glass_darkly,
          old_standard_altar, lair_entry_dummy, hangedman_abyss_or_decor_clamps,
          minivault_14, uniq_urug, uniq_maurice
Temple:   grunt_temple_mini_profane
Lair:1:   layout_loops_ring, grunt_megastairs_2, uniq_harold, uniq_erica
Lair:2:   statuecave_lemuel, layout_cave_pods, dreamdust_mushroom_princess,
          uniq_gastronok
Lair:3:   layout_concentric_octagons, minmay_shoals_entry_beasts,
          minmay_snake_entry_guardpost_small, eino_house_with_fridge,
          serial_bayou_shore_a, infiniplex_staircase_pool, uniq_josephine
Lair:4:   layout_hall_layers, serial_rivers, chequers_serial_rivers_small_b,
          chequers_serial_rivers_micro_c, chequers_serial_rivers_micro_a,
          chequers_serial_rivers_micro_a, chequers_serial_rivers_room_b,
          infiniplex_staircase_pool_2, lemuel_fruit_tree, uniq_snorg
Lair:5:   hangedman_lair_in_review, layout_regular_city,
          minmay_slime_entry_oklob_enclosed

Skill      XL: |  1  2  3  4  5  6  7  8  9 10 11 12 13 |
---------------+----------------------------------------+-----
Fighting       | 1 4 5 6 8 10 12 13 15 17 | 17.2
Dodging        | 2 3 4 |  4.0
Unarmed Combat | 1 2 4 5 6 |  6.6
Evocations     | 1 2 3 |  3.0
Stealth        | 2 4 6 7 8 9 |  9.9
Short Blades   | 3 4 6 8 9 10 | 10.0
Throwing       | 2 3 |  3.0
Invocations    | 4 |  4.0
Staves         | |  0.4
Armour         | |  4.5
Spellcasting   | |  2.0
Poison Magic   | |  3.0

Action                   |  1- 3 |  4- 6 |  7- 9 | 10-12 | 13-15 || total
-------------------------+-------+-------+-------+-------+-------++-------
Melee: Quarterstaff      |    32 |       |       |       |       ||    32
       Club              |     5 |       |       |       |       ||     5
       Short sword       |    30 |    20 |       |       |       ||    50
       Kick              |     9 |    16 |    62 |   207 |   114 ||   408
       Punch             |     1 |     1 |     8 |    16 |     7 ||    33
       Dagger            |       |    59 |   215 |   476 |   161 ||   911
       Touch             |       |     9 |    33 |   116 |    59 ||   217
       Tailslap          |       |       |    26 |    97 |    47 ||   170
       Rapier            |       |       |       |       |   116 ||   116
       Scimitar          |       |       |       |       |     3 ||     3
Throw: Dart              |       |       |     3 |     6 |    15 ||    24
       Javelin           |       |       |       |       |     1 ||     1
Evoke: Wand              |       |       |       |     1 |       ||     1
  Use: Scroll            |       |     7 |     4 |     7 |     2 ||    20
       Potion            |       |       |     3 |     4 |     3 ||    10
 Stab: Sleeping          |       |       |     2 |    10 |    13 ||    25
       Distracted        |       |       |     2 |       |     2 ||     4
       Invisible         |       |       |       |     1 |       ||     1
Armor: Chain mail        |    39 |    21 |       |     2 |       ||    62
       Plate armour      |       |    32 |       |       |       ||    32
       Leather armour    |       |       |    87 |    83 |    58 ||   228
Dodge: Dodged            |    18 |    37 |   108 |   193 |   135 ||   491
Block: Other             |       |       |    17 |    53 |    38 ||   108

Table legend: (Time is in decaauts)
 A = Elapsed time spent in this place.
 B = Non-inter-level travel time spent in this place.
 C = Inter-level travel time spent in this place.
 D = Time resting spent in this place.
 E = Time spent auto-exploring this place.
 F = Levels seen in this place.
 G = Mean time per level.
                   A        B        C        D        E       F      G
               +--------+--------+--------+--------+--------+-----+--------+
         Total |  15573 |  14159 |   1414 |   1673 |   9198 |  16 |  973.3 |
       Dungeon |  10161 |   9198 |    963 |   1234 |   5947 |  10 | 1016.1 |
        Temple |    197 |    154 |     43 |      0 |    149 |   1 |  197.0 |
          Lair |   5213 |   4805 |    408 |    439 |   3102 |   5 | 1042.6 |
               +--------+--------+--------+--------+--------+-----+--------+

Top non-repeatable levels by time:
     D:5: 1403 daAuts
     D:1: 1338 daAuts
     D:6: 1333 daAuts
  Lair:3: 1326 daAuts
  Lair:2: 1231 daAuts
     D:4: 1129 daAuts
  Lair:1: 1061 daAuts
    D:10: 1014 daAuts
  Lair:4: 968 daAuts
     D:7: 937 daAuts
     D:9: 839 daAuts
     D:3: 816 daAuts
     D:2: 748 daAuts
  Lair:5: 626 daAuts
     D:8: 601 daAuts
